 Dungeon Crawl Stone Soup version 0.31-a0-851-g7ff8af7976 (webtiles) character file.

Game seed: 4402698913541430288

48 night the Ruffian (level 3, -5/29 HPs)
             Began as a Draconian Shapeshifter on Oct 5, 2023.
             Slain by a gnoll
             ... wielding a +0 club
             ... led by a gnoll bouda
              (8 damage)
             ... on level 2 of the Dungeon.
             The game lasted 00:02:10 (1725 turns).

night the Ruffian (Draconian Shapeshifter)          Turns: 1725, Time: 00:02:10

Health: -5/29      AC:  5    Str: 16    XL:     3   Next: 50%
Magic:  3/3        EV: 12    Int: 12    God:
Gold:   101        SH:  0    Dex: 10    Spells: 2/2 levels left

rFire   . .          .
                       - Unarmed
rCold   . . .        (no shield)
rNeg    . . .        (body armour unavailable)
rPois   .            (helmet currently unavailable)
rElec   .            h - melded +0 cloak
rCorr   .            (gloves currently unavailable)
SInv    .            (boots currently unavailable)
Will    .....        (no amulet)
Stlth   +            (no ring)
HPRegen 0.24/turn    (no ring)
MPRegen 0.08/turn

%: no passive effects
@: beast-form
A: beast (slay +1), AC +5, unfitting armour, cold-blooded
a: Begin Untransformation


You were on level 2 of the Dungeon.
You were a hulking beast.
You visited 1 branch of the dungeon, and saw 3 of its levels.

You collected 101 gold pieces.

Inventory:

Missiles
 d - 4 poisoned darts
 l - 4 stones
Armour
 h - a +0 cloak (melded)
Talismans
 b - a beast talisman (active)
 c - a flux talisman
Scrolls
 e - a scroll of poison {unknown}
 g - a scroll of enchant armour {unknown}
 i - a scroll of fog {unknown}
 j - a scroll of noise {unknown}
 m - 3 scrolls of identify {unknown}
Potions
 a - a potion of lignification
 k - a potion of invisibility {unknown}


   Skills:
 + Level 2.0 Fighting
 - Level 1.7 Dodging
 * Level 3.9 Unarmed Combat
 + Level 3.3 Shapeshifting


You had 2 spell levels left.
You didn't know any spells.
Your spell library was empty.

Dungeon Overview and Level Annotations

Branches:
Dungeon (3/15)

Altars:

Annotations:
D:3 Terence


Innate Abilities, Weirdness & Mutations

You are a hulking beast.
Your limbs bulge with bestial killing power. (Slay +1)
Your plain brown scales are hard. (AC +5)
You cannot fit into any form of body armour.
You are cold-blooded and may be slowed by cold attacks.


Message History

The gnoll hits you with a +0 club. The gnoll completely misses you.
The gnoll hits you with a +0 club.
The gnoll hits you from afar with a +0 spear!
The gnoll hits you with a +0 club.
There is a stone staircase leading up here.
The gnoll completely misses you. The gnoll closely misses you.
The gnoll hits you with a +0 club.
* * * LOW HITPOINT WARNING * * *
You climb upwards.
There is a stone staircase leading down here.
It was a potion of heal wounds.
You feel much better. The gnoll hits you but does no damage.
The gnoll hits you with a +0 club.
You closely miss the gnoll. Your punch misses the gnoll.
The gnoll hits you with a +0 club. The gnoll completely misses you.
You hit the gnoll.
The gnoll is lightly wounded.
The gnoll misses you. The gnoll closely misses you.
You hit the gnoll but do no damage.
The gnoll is lightly wounded.
The gnoll hits you with a +0 club.
You hit the gnoll.
The gnoll is lightly wounded.
The gnoll closely misses you.
You hit the gnoll.
Your tail-slap misses the gnoll.
The gnoll is moderately wounded.
The gnoll closely misses you. The gnoll hits you with a +0 club!
You hit the gnoll. You tail-slap the gnoll.
The gnoll is heavily wounded.
The gnoll hits you with a +0 club.
* * * LOW HITPOINT WARNING * * *
The gnoll hits you with a +0 club.
* * * LOW HITPOINT WARNING * * *
You completely miss the gnoll.
The gnoll is heavily wounded.
The gnoll is no longer moving quickly.
The gnoll barely misses you. The gnoll closely misses you.
You hit the gnoll. You tail-slap the gnoll.
The gnoll is almost dead.
The gnoll hits you with a +0 club!
You die...

###### #....# #.##.#
####)##.# ##### #.......#
#...# #####.#...)g# #.#.#
#.....#.[.gh##### ####<#.#
#.#####.#.......# #....#.#
#.###...........# #.####.#
#.##..#.#.......# #.#..#.#
#.##............# #.#..#.###
#.##..###.......###.#..#...#
#.##.........#......#..###.#
#.##...#####.#.######..# #.#
####......................#
#.#


You could see 2 gnolls.

Vanquished Creatures
  An adder (D:2)
  A dart slug (D:2)
  3 ball pythons (D:1)
  7 endoplasms
  4 goblins (D:2)
  2 hobgoblins (D:1)
  4 kobolds
  3 quokkas
  5 bats
  2 frilled lizards (D:2)
  A rat (D:1)
33 creatures vanquished.

Notes
Turn   | Place    | Note
-------+----------+-------------------------------------------
     0 | D:1      | night the Draconian Shapeshifter began the quest for the
                  | Orb.
     0 | D:1      | Reached XP level 1. HP: 16/16 MP: 1/1
   251 | D:1      | Reached XP level 2. HP: 20/23 MP: 2/2
   834 | D:2      | Reached XP level 3. HP: 24/29 MP: 3/3
  1079 | D:2      | Reached skill level 2 in Fighting
  1700 | D:3      | Noticed Terence
  1715 | D:3      | HP: 4/29 [gnoll/+0 club[a gnoll bouda] (6)]
  1723 | D:2      | HP: 2/29 [gnoll/+0 club[a gnoll bouda] (4)]
  1725 | D:2      | Slain by a gnoll

Illustrated notes

Levels and vault maps discovered:
D:1:      kilobyte_arrival_exit_the_forest, layout_rooms
D:2:      layout_basic
D:3:      gammafunk_steamed_eel, layout_rooms,
          shapermc_ecumenical_altar_starsandcircs, nicolae_grassy_gnolls,
          uniq_terence

Skill      XL: |  1  2  3 |
---------------+----------+-----
Fighting       | 2 |  2.0
Dodging        | |  1.7
Unarmed Combat | |  3.9
Shapeshifting  | |  3.3

Action                     || total
---------------------------++-------
  Melee: Unarmed           ||    91
         Tailslap          ||     8
         Punch             ||     1
Ability: Begin Untransform ||     1
    Use: Potion            ||     1
   Stab: Sleeping          ||     1
 Armour: Skin              ||    57
  Dodge: Dodged            ||    69
   Form: Beast             ||     1

Table legend: (Time is in decaauts)
 A = Elapsed time spent in this place.
 B = Non-inter-level travel time spent in this place.
 C = Inter-level travel time spent in this place.
 D = Time resting spent in this place.
 E = Time spent auto-exploring this place.
 F = Levels seen in this place.
 G = Mean time per level.
                   A        B        C        D        E       F      G
               +--------+--------+--------+--------+--------+-----+--------+
         Total |   1725 |   1604 |    121 |      0 |   1365 |   3 |  575.0 |
       Dungeon |   1725 |   1604 |    121 |      0 |   1365 |   3 |  575.0 |
               +--------+--------+--------+--------+--------+-----+--------+

Top non-repeatable levels by time:
     D:2: 995 daAuts
     D:1: 715 daAuts
     D:3: 14 daAuts
